Map: [ESL] Gresvan

Players

SpeCial - Winner!

  • Race: Terran Terran
  • Spawn Location: 11:00

DRG

  • Race: Zerg Zerg
  • Spawn Location: 5:00

Event: IEM Katowice 2023

VOD

Have the link to the VOD?

Description

Time

  • Played on: Feb. 10, 2023, 1:30 p.m.
  • Length: 10:17

All games in this series

Show
View Real Time Build Order
Export as new Build Order

SpeCial Terran - Winner!

Build Orders:  

Get SALT Encoding   

  12  0:00  SCV  
  13  0:12  SCV  
  14  0:17  Supply Depot  
  14  0:24  SCV  
  15  0:39  SCV  
  15  0:41  Barracks  
  16  0:44  Refinery  
  16  0:51  SCV  
  16  0:52  Refinery  
  17  1:03  SCV  
  18  1:15  SCV  
  19  1:28  Orbital Command, Reaper  
  19  1:29  Supply Depot  
  20  1:43  Factory  
  20  1:54  SCV  
  21  2:00  Reaper  
  22  2:06  SCV  
  23  2:17  Command Center  
  23  2:21  SCV  
  24  2:27  Hellion  
  26  2:32  Reaper  
  26  2:33  SCV  
  28  2:38  Starport  
  28  2:46  SCV  
  28  2:50  Hellion  
  31  2:56  Supply Depot  
  31  3:05  Barracks Reactor  
  31  3:18  SCV, Hellion  
  34  3:22  Starport Tech Lab  
  34  3:30  SCV  
  34  3:32  Orbital Command  
  35  3:42  SCV  
  35  3:47  Raven  
  38  3:49  Command Center  
  38  3:54  SCV  
  39  3:56  Hellion  
  39  3:57  Hellion  
  39  3:58  Marine  
  39  4:02  SCV  
  45  4:08  SCV  
  46  4:10  Supply Depot  
  46  4:12  Cloaking Field  
  46  4:15  SCV  
  47  4:18  Marine  
  47  4:20  SCV  
  47  4:22  Hellion  
  51  4:27  Hellion  
  51  4:31  SCV  
  54  4:32  Raven  
  54  4:33  SCV  
  54  4:37  Barracks Tech Lab  
  57  4:43  SCV  
  57  4:45  SCV  
  59  4:48  Hellion  
  61  4:55  SCV  
  61  4:57  Supply Depot  
  62  5:01  Marine, SCV, Hellion  
  62  5:05  Orbital Command  
  62  5:06  Raven  
  68  5:07  SCV  
  68  5:11  Stimpack, Barracks  
  68  5:13  SCV  
  70  5:19  Marine, SCV  
  72  5:25  SCV  
  77  5:28  Barracks  
  77  5:31  SCV  
  77  5:33  SCV  
  75  5:36  Marine, Refinery  
  75  5:37  SCV, Refinery  
  75  5:38  Engineering Bay  
  75  5:40  Factory Reactor  
  75  5:41  Orbital Command  
  75  5:42  Engineering Bay  
  77  5:46  SCV  
  78  5:51  SCV, Starport Reactor  
  79  5:58  SCV  
  79  6:01  Barracks  
  79  6:03  Barracks  
  79  6:04  Marine, SCV  
  74  6:06  Terran Infantry Weapons Level 1  
  74  6:09  SCV  
  76  6:12  Terran Infantry Armor Level 1  
  76  6:13  SCV  
  76  6:14  Marine  
  76  6:15  Marine  
  76  6:16  SCV, Barracks Reactor  
  76  6:17  Siege Tank  
  83  6:20  Supply Depot  
  83  6:21  SCV  
  83  6:22  Marine  
  83  6:23  Supply Depot  
  85  6:37  Supply Depot  
  85  6:40  SCV x2  
  85  6:42  Marine x3, Medivac x2, SCV  
  83  6:52  Marine x2  
  83  6:53  SCV x2  
  83  6:54  SCV, Supply Depot  
  85  6:56  Barracks Reactor  
  85  6:58  Combat Shield, Barracks Reactor  
  85  7:00  Marine x3  
  89  7:05  SCV x2  
  89  7:06  Siege Tank, SCV  
  95  7:10  Marine x2  
  95  7:12  Supply Depot  
  97  7:17  Marine x2, SCV x2  
  97  7:18  SCV  
  97  7:19  Refinery, Supply Depot  
  97  7:21  Marine  
  103  7:22  Supply Depot  
  103  7:23  Refinery  
  103  7:25  Medivac x2  
  103  7:28  Marine x2  
  103  7:29  SCV  
  110  7:30  SCV x2  
  110  7:36  Marine  
  113  7:38  Marine  
  113  7:40  Armory  
  113  7:41  Marine x3, SCV  
  117  7:45  Siege Tank  
  117  7:46  Marine x4  
  117  7:48  Supply Depot  
  124  7:52  Supply Depot  
  124  7:54  Marine  
  124  7:55  Marine  
  126  7:59  Marine x3  
  126  8:00  Medivac  
  126  8:01  Medivac  
  126  8:04  Marine x4  
  137  8:12  Marine, Command Center  
  138  8:13  Marine  
  138  8:17  Marine x3  
  138  8:18  SCV x3  
  145  8:21  Factory  
  145  8:22  Marine x4  
  145  8:23  Siege Tank  
  152  8:30  Marine  
  152  8:31  Marine  
  150  8:35  Marine  
  150  8:40  Marine x6  
  151  8:43  Medivac x2  
  151  8:48  Marine  
  154  8:49  Marine  
  154  8:53  Marine  
  156  8:58  Marine, Supply Depot x2  
  156  8:59  Marine x5, Siege Tank  
  156  9:01  Supply Depot  
  165  9:06  Factory Tech Lab  
  165  9:09  Sensor Tower  
  165  9:13  Marine  
  165  9:19  Marine x5  
  165  9:22  Marine, Marauder  
  173  9:27  Marine  
  173  9:29  SCV  
  165  9:31  Siege Tank  
  165  9:34  Marine  
  165  9:37  Marine x4  
  172  9:39  SCV x2  
  172  9:43  Siege Tank, Marauder  
  172  9:44  Marine  
  172  9:46  Marine  
  165  9:54  SCV x2  
  165  9:56  Marine, Barracks  
  165  9:57  Barracks x2  
Show
View Real Time Build Order
Export as new Build Order

DRG Zerg 

Build Orders: Pool First 

Get SALT Encoding   

  12  0:00  Drone  
  13  0:12  Overlord  
  13  0:16  Drone  
  14  0:30  Drone x2  
  14  0:34  Drone  
  17  0:44  Extractor, Drone  
  17  0:48  Spawning Pool  
  16  0:55  Drone  
  17  1:07  Drone  
  18  1:17  Hatchery  
  17  1:35  Queen  
  17  1:37  Zergling x4  
  21  1:47  Metabolic Boost  
  21  1:49  Overlord  
  21  1:55  Drone  
  22  2:09  Drone  
  22  2:10  Drone, Queen  
  26  2:22  Drone  
  27  2:30  Drone, Queen  
  27  2:33  Drone  
  31  2:40  Zergling x2  
  31  2:44  Drone x4  
  31  2:51  Drone  
  36  3:02  Hatchery  
  36  3:04  Drone  
  35  3:12  Overlord  
  35  3:17  Overlord  
  35  3:20  Overlord  
  35  3:30  Overlord  
  35  3:31  Drone x4  
  39  3:34  Zergling x2  
  39  3:37  Zergling x6  
  42  3:45  Drone  
  41  3:49  Drone x3  
  41  3:54  Drone x2  
  46  3:59  Drone  
  46  4:01  Queen  
  49  4:05  Drone  
  49  4:08  Queen  
  52  4:14  Queen  
  52  4:16  Overlord  
  54  4:20  Zergling x2  
  54  4:21  Zergling x2  
  56  4:27  Drone  
  56  4:30  Roach Warren  
  56  4:31  Drone x2  
  58  4:32  Drone  
  58  4:34  Drone  
  60  4:39  Drone  
  60  4:41  Drone x2  
  60  4:42  Drone x2  
  65  4:46  Drone  
  65  4:47  Overlord  
  65  4:51  Overlord  
  66  4:55  Overlord  
  66  4:58  Drone x2  
  64  5:07  Queen  
  64  5:09  Lair  
  64  5:11  Drone  
  67  5:14  Drone  
  67  5:15  Drone  
  67  5:20  Roach x2  
  67  5:21  Drone x3  
  75  5:23  Extractor  
  75  5:24  Extractor  
  75  5:25  Extractor, Drone  
  75  5:27  Drone x3  
  77  5:34  Zergling x4  
  79  5:37  Drone  
  79  5:38  Drone  
  81  5:43  Drone x2  
  81  5:45  Extractor  
  81  5:49  Drone  
  82  5:54  Roach  
  82  5:55  Roach  
  82  5:56  Drone x6  
  89  6:06  Zergling x10  
  89  6:08  Drone  
  89  6:09  Glial Reconstitution  
  95  6:11  Evolution Chamber x2  
  95  6:12  Extractor, Drone  
  95  6:13  Spore Crawler  
  95  6:17  Drone  
  93  6:25  Drone x4  
  96  6:27  Drone  
  96  6:28  Overlord, Hatchery  
  96  6:32  Overlord  
  96  6:34  Overlord  
  96  6:35  Drone  
  96  6:43  Drone  
  96  6:44  Drone  
  93  6:48  Drone x3  
  93  6:51  Zerg Missile Weapons Level 1, Zerg Ground Armor Level 1  
  93  6:53  Infestation Pit, Drone  
  94  7:01  Drone  
  94  7:02  Drone x2  
  94  7:04  Roach x2  
  100  7:11  Drone x2  
  100  7:13  Spore Crawler  
  100  7:15  Roach x2  
  104  7:21  Roach x3  
  110  7:27  Drone x2  
  112  7:31  Spore Crawler  
  112  7:33  Infestor x2  
  115  7:39  Drone  
  115  7:41  Roach x6  
  127  7:46  Hive  
  127  7:51  Overlord, Drone  
  128  7:52  Overlord  
  128  7:57  Overlord  
  128  7:59  Hydralisk Den  
  128  8:02  Drone x3  
  128  8:04  Overlord  
  128  8:08  Extractor  
  128  8:10  Overlord  
  127  8:14  Roach x3  
  127  8:15  Zergling x2  
  127  8:16  Ravager x2  
  127  8:17  Ravager  
  127  8:18  Extractor  
  135  8:20  Drone x3  
  135  8:23  Zergling x4  
  140  8:32  Roach x3  
  140  8:33  Roach x3  
  144  8:41  Zergling x12  
  144  8:46  Drone x3  
  152  8:48  Lurker Den  
  152  8:52  Drone x4  
  152  8:54  Drone x2  
  156  9:02  Viper x2  
  156  9:05  Roach x2  
  166  9:22  Zergling x12  
  166  9:23  Zergling x2  
  155  9:29  Roach x6  
  156  9:38  Roach x5  
  145  9:47  Zergling x14  
  126  9:57  Roach x6  
  136  10:00  Ravager x2  
  136  10:01  Ravager  

Tags
 
Add a new tag
Caveats
  • Supply blocks, unpowered buildings, or Contaminate may cause inaccurate times.
  • Supply counts are checked every 10 seconds.